 Dungeon Crawl Stone Soup version 0.28-a0-732-g75e6d9beac (webtiles) character file.

Game seed: 9451870970477114197

270 Colgate the Twirler (level 6, -1/44 HPs)
             Began as a Demonspawn Gladiator on Oct 29, 2021.
             Was an Elder of Ignis.
             Slain by an orc (3 damage)
             ... on level 3 of the Dungeon.
             The game lasted 00:16:30 (3390 turns).

Colgate the Twirler (Demonspawn Gladiator)          Turns: 3390, Time: 00:16:31

Health: -1/44      AC:  6    Str: 15    XL:     6   Next: 1%
Magic:  6/6        EV: 11    Int: 11    God:    Ignis [****..]
Gold:   112        SH:  0    Dex: 14    Spells: 5/5 levels left

rFire   + . .      SeeInvis .   a - +0 quarterstaff
rCold   . . .      Faith    .   (shield currently unavailable)
rNeg    . . .      Spirit   .   k - +0 ring mail
rPois   .          Reflect  .   c - +0 helmet
rElec   .          Harm     .   (no cloak)
rCorr   .          Rampage  .   (no gloves)
Will    .....                   (no boots)
Stlth   +.........              (no amulet)
HPRegen 0.14/turn               (no ring)
MPRegen 0.10/turn               (no ring)

@: no status effects
A: demonic magic 1, weakness stinger 1
a: Renounce Religion, Sea of Fire, Foxfire Swarm, Rising Flame


You were on level 3 of the Dungeon.
You worshipped Ignis.
Ignis was greatly pleased with you.
You visited 1 branch of the dungeon, and saw 3 of its levels.

You collected 112 gold pieces.

Inventory:

Hand Weapons
 a - a +0 quarterstaff (weapon)
 b - a +0 hunting sling
Missiles
 d - 3 throwing nets
 e - 29 sling bullets
 f - 80 stones (quivered)
 m - 7 boomerangs
 p - 16 arrows
Armour
 c - a +0 helmet (worn)
 k - a +0 ring mail (worn)
 o - a +0 leather armour
 r - a +0 scale mail
Scrolls
 g - a scroll of holy word {unknown}
 h - a scroll of noise {unknown}
 l - a scroll of amnesia {unknown}
 q - a scroll of identify {unknown}
Potions
 i - a potion of attraction {unknown}
 j - a potion of invisibility {unknown}
 n - a potion of curing {unknown}


   Skills:
 - Level 2.0 Fighting
 - Level 6.0 Staves
 - Level 1.7 Throwing
 + Level 1.1 Armour
 - Level 2.6 Dodging


You had 5 spell levels left.
You didn't know any spells.
Your spell library contained the following spells:

 Spells                   Type           Power      Damage    Failure   Level
 Slow                     Hex            0%         N/A       71%         2
 Confusing Touch          Hex            0%         N/A       91%         3
 Vampiric Draining        Necr           0%         2d6       91%         3


Dungeon Overview and Level Annotations

Branches:
Dungeon (3/15)

Altars:
The Shining One
Ignis


Innate Abilities, Weirdness & Mutations

Spells you cast may paralyse adjacent enemies.
You have a small tail.


Message History

The orc priest shouts!
You hear a shout!
The orc priest calls down the wrath of Beogh upon you.
Pain shoots through your body!
The orc priest mumbles some strange prayers to Beogh against you.
You barely resist.
The orc priest mumbles some strange prayers to Beogh against you.
Beogh smites you!
* * * LOW HITPOINT WARNING * * *
The orc shouts!
The orc priest barely misses you.
You hit the orc priest.
The orc priest is moderately wounded.
The orc priest hits you but does no damage.
You closely miss the orc priest.
The orc priest is moderately wounded.
The orc priest hits you with a +0 short sword of flaming.
* * * LOW HITPOINT WARNING * * *
You hit the orc priest.
The orc priest is severely wounded.
The orc priest hits you but does no damage.
The orc priest invokes the aid of Beogh against you.
You barely resist.
Unknown command.
You sock the orc priest!
You kill the orc priest!
Your Armour skill increases to level 1!
You have reached level 6!
Your experience leads to an increase in your attributes!
Increase (S)trength, (I)ntelligence, or (D)exterity?
You feel clever.
You feel monstrous as your demonic heritage exerts itself.
Your demonic ancestry asserts itself...
You grow a small tail.
You hit the orc but do no damage. The orc hits you with a +0 dagger.
* * * LOW HITPOINT WARNING * * *
The orc priest hits you but does no damage.
You hit the orc but do no damage.
Your tail-slap misses the orc.
The orc hits you with a +0 dagger.
You die...

.# #.#......# #.#...####..... .#
#.#...#### #.#######..####
########.##.#######..).........##
#...................######.....#
#.#####.##.#######...####.......
#>##.######............... #.#
#..#.##.<..<...####....... #.#
##.#.##.#####.## ##.....# #.#
#.#....o@.##)# #.....# #.#
#....#.##o##.# #.#.#.# #.#
#..o....#o##.#### #.#.#.# #.#
##((..o.#.##....###.#.#.#
##.########.#.#.#.##..⌠..##.#.#.#
....o.o.o...#.#.#.#.......#.#.#)#
###########...o.....⌠.)...###...#
###.#........<..#...###
#.####..⌠.....##..###


You could see 2 orc priests and an orc.

Vanquished Creatures
  An ogre (D:3)
  A bullfrog (D:3)
  An orc priest (D:3)
  3 adders
  3 worms
  4 dart slugs
  2 orcs (D:2)
  4 endoplasms
  A giant cockroach (D:1)
  7 goblins
  A hobgoblin (D:3)
  7 jackals
  5 quokkas
  4 ball pythons
  4 bats
  2 frilled lizards
  4 kobolds
  5 rats
59 creatures vanquished.

Vanquished Creatures (others)
  20 foxfires (D:3)
  3 plants (D:2)
23 creatures vanquished.

Grand Total: 82 creatures vanquished

Notes
Turn   | Place    | Note
-------+----------+-------------------------------------------
     0 | D:1      | Colgate the Demonspawn Gladiator began the quest for the
                  | Orb.
     0 | D:1      | Reached XP level 1. HP: 16/16 MP: 1/1
    71 | D:1      | Reached skill level 3 in Staves
   279 | D:1      | Gained mutation: Spells you cast may paralyse adjacent
                  | enemies. [demonic ancestry]
   279 | D:1      | Reached XP level 2. HP: 19/22 MP: 2/2
   330 | D:1      | Found a faded altar of an unknown god.
   338 | D:1      | Prayed at the altar of an unknown god.
   338 | D:1      | Became a worshipper of Ignis, the Dying Flame
  1368 | D:2      | Reached skill level 4 in Staves
  1368 | D:2      | Reached XP level 3. HP: 27/27 MP: 3/3
  1836 | D:2      | Reached XP level 4. HP: 30/33 MP: 4/4
  2346 | D:3      | Noticed a bullfrog
  2405 | D:3      | Killed a bullfrog
  2406 | D:3      | Reached skill level 5 in Staves
  2406 | D:3      | Reached XP level 5. HP: 13/38 MP: 5/5
  2783 | D:3      | Noticed an ogre
  2786 | D:3      | Killed an ogre
  2836 | D:3      | Reached skill level 6 in Staves
  3389 | D:3      | Reached skill level 1 in Armour
  3389 | D:3      | Discovered your monstrous ancestry.
  3389 | D:3      | Gained mutation: You have a small tail. [demonic ancestry]
  3389 | D:3      | Reached XP level 6. HP: 4/44 MP: 6/6
  3389 | D:3      | HP: 2/44 [orc (2)]
  3390 | D:3      | Slain by an orc

Illustrated notes

Levels and vault maps discovered:
D:1:      dpeg_arrival_round_c, layout_basic, basic_ecumenical_altar,
          solitary_fountain
D:2:      layout_loops_ring, basic_altar, hangedman_feature_mirror,
          guppyfry_early_lair_pool
D:3:      layout_loops_ring, overflow_temple_1_default, grunt_ministairs_9,
          chequers_serial_rivers_small_a

Skill      XL: |  1  2  3  4  5 |
---------------+----------------+-----
Staves         | 3 4 5 6 |  6.0
Armour         | 1 |  1.1
Fighting       | |  2.0
Throwing       | |  1.7
Dodging        | |  2.6

Action                   |  1- 3 |  4- 6 || total
-------------------------+-------+-------++-------
Melee: Quarterstaff      |    99 |    59 ||   158
 Fire: Hunting sling     |       |     7 ||     7
Throw: Stone             |    32 |    20 ||    52
Invok: Foxfire Swarm     |       |     2 ||     2
 Stab: Sleeping          |     1 |       ||     1
Armor: Leather armour    |    23 |     2 ||    25
       Ring mail         |       |    15 ||    15
Dodge: Dodged            |    45 |    29 ||    74

Table legend: (Time is in decaauts)
 A = Elapsed time spent in this place.
 B = Non-inter-level travel time spent in this place.
 C = Inter-level travel time spent in this place.
 D = Time resting spent in this place.
 E = Time spent auto-exploring this place.
 F = Levels seen in this place.
 G = Mean time per level.
                   A        B        C        D        E       F      G
               +--------+--------+--------+--------+--------+-----+--------+
         Total |   3411 |   3134 |    277 |     88 |   2348 |   3 | 1137.0 |
       Dungeon |   3411 |   3134 |    277 |     88 |   2348 |   3 | 1137.0 |
               +--------+--------+--------+--------+--------+-----+--------+

Top non-repeatable levels by time:
     D:2: 1337 daAuts
     D:1: 1324 daAuts
     D:3: 750 daAuts
